 Dungeon Sprint DCSS version 0.17-a0-1663-gb806841 (webtiles) character file.

912 Kidiri the Basher (level 7, 0/80 (81) HPs)
             Began as a Troll Berserker on Aug 16, 2015.
             Was a Priest of Trog.
             Rolled over by a boulder beetle (24 damage)
             ... in the Dungeon (Sprint II: "The Violet Keep of Menkaure").
             The game lasted 00:01:38 (198 turns).

Kidiri the Basher (Troll Berserker)                  Turns: 198, Time: 00:01:38

HP:   0/80 (81)     AC:  5    Str: 28    XL:     7   Next: 82%
MP:   6/6           EV: 12    Int:  3    God:    Trog [***...]
Gold: 729           SH:  0    Dex:  9    Spells: 0 memorised, 6 levels left

rFire  . . .     SeeInvis .     a - +0 mace
rCold  . . .     Clarity  .     b - +0 animal skin
rNeg   . . .     SustAt   .     (no shield)
rPois  .         Gourm    +     (helmet restricted)
rElec  .         Spirit   .     (no cloak)
rCorr  .         Warding  .     (gloves unavailable)
rMut   .         NoTele   +     (boots unavailable)
MR     .....                    (no amulet)
Stlth  +.........               (no ring)
                                (no ring)

@: exhausted, slowed, very slow, not resistant to hostile enchantments, very
unstealthy
A: unfitting armour, claws 3, fast metabolism 3, gourmand, regeneration 2,
shaggy fur 1, tough skin 2
a: Burn Spellbooks, Berserk, Trog's Hand, Renounce Religion


You were in the Dungeon.
You worshipped Trog.
Trog was most pleased with you.
You were not hungry.

You visited 1 branch You collected 729 gold pieces.

Inventory:

Hand weapons
 a - a +0 mace (weapon)
Armour
 b - a +0 animal skin (worn)
Scrolls
 i - a scroll of blinking
Potions
 d - a potion of curing
 e - a potion of heal wounds
 f - a potion of haste
 g - 2 potions of magic
Comestibles
 c - a bread ration


   Skills:
 + Level 8.8 Fighting
 + Level 9.4 Maces & Flails
 + Level 8.9 Dodging
 + Level 0.3 Stealth


You had 6 spell levels left.
You didn't know any spells.

Dungeon Overview and Level Annotations

Branches:
Dungeon (1/1)

Altars:


Innate Abilities, Weirdness & Mutations

You are too large for most types of armour.
You have claws for hands.
Your metabolism is lightning-fast.
You like to eat raw meat.
You heal very quickly.
You are covered in fur (AC +1).
You have very tough skin (AC +2).


Message History

You feel quite a bit more hungry.
The door flies open with a bang!
You feel a strong urge to attack something. 2 boulder beetles come into view.
The boulder beetle twitches its antennae in your direction.
Found 243 gold pieces.
There is an open door here.
You hit the boulder beetle.
The boulder beetle is lightly wounded.
The boulder beetle curls into a ball and starts rolling!
The boulder beetle bites you!!!
You feel a strong urge to attack something.
You are no longer berserk.
You are exhausted.
You feel yourself slow down. The boulder beetle smashes into you!
* * * LOW HITPOINT WARNING * * *
The boulder beetle stops rolling.
The boulder beetle curls into a ball and starts rolling!
You open the door. The boulder beetle smashes into you!
You die...

##+## ##.#.##
#.###.#
####.#.####
##.###+###.##
#.#%##.##...#
+##%+.<@'%##+
#..##B##...#
#.###B###.##
####.#$# ##
#.. ..# ##.
.## ## ##


You could see 2 boulder beetles.

Vanquished Creatures
  2 hippogriffs (D)
  4 necrophages (D)
  4 brain worms (D)
10 creatures vanquished.

Notes
Turn   | Place    | Note
--------------------------------------------------------------
     0 | D        | Kidiri the Troll Berserker began the quest for the Orb.
     0 | D        | Reached XP level 1. HP: 22/22 MP: 0/0
     1 | D        | Noticed a brain worm
     1 | D        | Noticed a brain worm
     1 | D        | Noticed a brain worm
     1 | D        | Noticed a brain worm
     2 | D        | Lost intelligence.
     9 | D        | Killed a brain worm
     9 | D        | Reached skill level 4 in Fighting
     9 | D        | Reached XP level 2. HP: 33/33 MP: 1/1
     9 | D        | Reached XP level 3. HP: 40/40 MP: 2/2
     9 | D        | Reached XP level 4. HP: 49/49 MP: 3/3
    11 | D        | Killed a brain worm
    11 | D        | Acquired Trog's second power
    11 | D        | Reached skill level 5 in Fighting
    11 | D        | Reached skill level 5 in Maces & Flails
    11 | D        | Reached skill level 5 in Dodging
    11 | D        | Reached XP level 5. HP: 57/57 MP: 4/4
    21 | D        | Killed a brain worm
    21 | D        | Reached skill level 6 in Fighting
    31 | D        | Killed a brain worm
    31 | D        | Reached skill level 7 in Maces & Flails
    31 | D        | Reached XP level 6. HP: 32/68 MP: 5/5
    85 | D        | Noticed a hippogriff
    85 | D        | Noticed a hippogriff
    91 | D        | Killed a hippogriff
    91 | D        | Reached skill level 8 in Maces & Flails
    94 | D        | Killed a hippogriff
    94 | D        | Reached XP level 7. HP: 79/79 MP: 6/6
   132 | D        | Noticed a necrophage
   132 | D        | Noticed a necrophage
   132 | D        | Noticed a necrophage
   132 | D        | Noticed a necrophage
   138 | D        | Killed a necrophage
   142 | D        | Killed a necrophage
   142 | D        | Reached skill level 9 in Maces & Flails
   146 | D        | Killed a necrophage
   149 | D        | Killed a necrophage
   191 | D        | Noticed a boulder beetle
   191 | D        | Noticed a boulder beetle
   198 | D        | Rolled over by a boulder beetle

Vault maps used:
D:        the_violet_keep_of_menkaure

Action                   |  1- 3 |  4- 6 |  7- 9 || total
-------------------------+-------+-------+-------++-------
Melee: Mace              |     5 |    28 |    15 ||    48
Invok: Berserk           |       |     1 |     2 ||     3
  Use: Potion            |     1 |       |       ||     1
  Eat: Bread ration      |       |       |     1 ||     1
